Cogmind - Beta 13 @@@ ROGUE MODE // 2024.05.24 @ 02:33:40 Player: MLGOON Result: Destroyed by Enhanced Grunt with Neutron Cannon Performance ------------- Evolutions (3) 1500 Regions Visited (8) 1600 Robots Destroyed (50) 250 Value Destroyed (2040) 2040 Prototype IDs (15) 300 Alien Tech Used (0) 0 Bonus (600) 600 TOTAL SCORE: 6290 Bonus ------- Aligned with FarCom 300 Met Data Miner 300 Cogmind --------- Core Integrity 0/700 Matter 261/300 Energy 56/100 System Corruption 6% Temperature Cool (0) Movement Core (350) Ox6 Location -7/Data Miner Parts ------- > --- POWER (2) -------- (None) > --- PROPULSION (3) --- (None) > --- UTILITY (6) ------ Large Storage Unit Advanced Targeting Computer > --- WEAPON (2) ------- (None) > --- INVENTORY (15) --- Nuclear Core Micro Nuclear Core Aluminum Leg Carbon-fiber Leg Improved Spread Laser Improved Spread Laser Plasma Cannon Peak State ------------ > --- POWER ------------ Improved Deuterium Engine Micro Nuclear Core > --- PROPULSION ------- Aluminum Leg Carbon-fiber Leg Improved Carbon-fiber Leg > --- UTILITY ---------- Improved Cooling System Large Storage Unit Superbattery Advanced Targeting Computer Improved Light Armor Plating Hacking Suite > --- WEAPON ----------- Plasma Cannon Cooled Particle Cannon > --- INVENTORY -------- Nuclear Core Nuclear Core Light Nuclear Core Aluminum Leg Advanced ECM Suite Improved Light Armor Plating Improved Shield Generator Heavy EM Shotgun Improved Spread Laser Improved Spread Laser Improved Spread Laser [Rating: 53] Favorites ----------- Power Nuclear Core Engine Improved Deuterium Engine Power Core Nuclear Core Propulsion Aluminum Leg Leg Aluminum Leg Wheel Wheel Hover Unit Gravmag System Utility Superbattery Device Improved Heat Sink Storage Superbattery Processor Advanced Targeting Computer Hackware Hacking Suite Protection Improved Light Armor Plating Weapon Light Assault Rifle Energy Gun Lightning Gun Energy Cannon Plasma Cannon Ballistic Gun Light Assault Rifle Ballistic Cannon Light Cannon Special Melee Weapon Improved Datajack Build | -11 -10 -10 -10 -9 -8 -7 -7 -7 ------- Run | Yrd Mat Min Exi Min Mat Fac Low Dat Slots Evolved 6 | . . . . . 4 2 . . Power 1 | . . . . . . 1 . . Propulsion 1 | . . . . . 1 . . . Utility 4 | . . . . . 3 1 . . Weapon . | . . . . . . . . . Parts Attached 93 | 6 3 1 2 5 34 42 . . Power 12 | 1 1 . . 1 3 6 . . Engine 5 | 1 1 . . 1 . 2 . . Core 7 | . . . . . 3 4 . . Reactor . | . . . . . . . . . Propulsion 27 | 2 . . . 1 12 12 . . Treads . | . . . . . . . . . Leg 16 | . . . . . 4 12 . . Wheel 7 | 2 . . . 1 4 . . . Hover 4 | . . . . . 4 . . . Flight . | . . . . . . . . . Utility 24 | 1 2 . 2 . 7 12 . . Device 13 | . . . . . 4 9 . . Storage 6 | 1 . . 2 . 2 1 . . Processor 2 | . 1 . . . . 1 . . Hackware 1 | . 1 . . . . . . . Protection 2 | . . . . . 1 1 . . Artifact . | . . . . . . . . . Weapon 30 | 2 . 1 . 3 12 12 . . Energy Gun 14 | . . . . . 6 8 . . Energy Cannon 7 | . . . . 1 2 4 . . Ballistic Gun 7 | 2 . . . 2 3 . . . Ballistic Cannon 1 | . . 1 . . . . . . Launcher . | . . . . . . . . . Special Weapon . | . . . . . . . . . Impact Weapon . | . . . . . . . . . Slashing Weapon . | . . . . . . . . . Piercing Weapon . | . . . . . . . . . Special Melee Weapon 1 | . . . . . 1 . . . Unidentified Prototypes 4 | . . . 2 . . 2 . . Parts Lost 34 | . 1 . . 2 9 11 . 11 Power 6 | . 1 . . . 1 2 . 2 Propulsion 10 | . . . . 1 4 2 . 3 Utility 10 | . . . . . 2 4 . 4 Weapon 8 | . . . . 1 2 3 . 2 Highest Loss Streak 11 | . 1 . . 2 5 6 . 11 To Critical Strikes . | . . . . . . . . . Average Slot Usage (%) 98 | . 97 100 100 98 92 99 100 94 Engine 6 | . 12 14 14 14 . 4 7 6 Core 7 | . . . . . 7 10 7 6 Leg 14 | . . . . . 3 22 23 21 Wheel 8 | . 28 28 28 27 8 . . . Hover 1 | . . . . . 9 . . . Device 12 | . . . . . 14 15 30 28 Storage 12 | . 2 . 3 14 17 13 7 7 Processor 5 | . 11 14 10 . . 5 7 7 Hackware 6 | . 13 14 14 14 9 3 . . Protection 3 | . . . . . 1 5 . . Energy Gun 4 | . . . . . 10 5 7 7 Energy Cannon 7 | . . . . 9 1 9 7 6 Ballistic Gun 5 | . 28 15 14 17 6 . . . Ballistic Cannon 1 | . . 12 14 . . . . . Naked Turns . | . . . . . . . . . Heaviest Build 62 | 10 10 7 12 12 32 62 54 54 Greatest Support 48 | 20 20 20 20 26 48 44 35 35 Greatest Overweight (x) 8 | . . . . . 3 2 1 8 Average Overweight (x) . | . . . . . . . 1 1 Largest Inventory Capacity 15 | 8 8 5 8 5 8 15 15 15 Average Capacity 10 | 6 5 5 5 5 8 12 15 15 Most Carried 15 | 6 7 5 8 5 8 15 7 7 Average Carried 8 | 3 4 5 4 4 6 10 7 7 Final Capacity 15 | 8 5 5 5 5 8 15 15 15 Final Carried 7 | 6 5 5 5 5 7 7 7 7 Class Distribution -------------------- 50% | Scavenger-Mutant 49% | Mutant Dominant Class ---------------- Mutant | -10/Materials Mutant | -10/Mines Mutant | -10/Exiles Mutant | -9/Mines Mutant | -8/Materials Scavenger-Mutant | -7/Factory Scavenger-Mutant | -7/Lower Caves Scavenger-Mutant | -7/Data Miner Resources | -11 -10 -10 -10 -9 -8 -7 -7 -7 ----------- Run | Yrd Mat Min Exi Min Mat Fac Low Dat Matter Collected 1120 | 193 107 35 . 81 323 381 . . Remotely . | . . . . . . . . . Salvage Created 2338 | . 107 . . 113 919 1199 . . Parts 99 | . 8 . . 4 36 51 . . Haulers Intercepted 1 | . . . . . 1 . . . Recyclers Shooed 1 | . . . . 1 . . . . Parts Field Recycled . | . . . . . . . . . Retrieved Matter . | . . . . . . . . . Parts Self-Destructed . | . . . . . . . . . Prevented . | . . . . . . . . . Kills | -11 -10 -10 -10 -9 -8 -7 -7 -7 ------- Run | Yrd Mat Min Exi Min Mat Fac Low Dat Combat Hostiles Destroyed 41 | . 2 . . 2 14 23 . . Guns 15 | . 2 . . 1 10 2 . . Cannons 20 | . . . . 1 1 18 . . AOE 3 | . . . . . 2 1 . . Classes Destroyed 11 | . 3 . . 1 3 4 . . Worker 3 | . . . . . 1 2 . . Tunneler 2 | . . . . 1 1 . . . Hauler 1 | . . . . . 1 . . . Operator 1 | . 1 . . . . . . . Watcher 2 | . 1 . . . 1 . . . Swarmer 3 | . . . . . . 3 . . Grunt 24 | . 2 . . 2 12 8 . . Duelist 3 | . . . . . . 3 . . Sentry 6 | . . . . . 2 4 . . Hunter 1 | . . . . . . 1 . . Programmer 4 | . . . . . . 4 . . Best Kill Streak 9 | . 1 . . 2 9 4 . . Combat Bots Only 7 | . 1 . . 2 7 4 . . Max Kills in Single Turn 2 | . 1 . . 1 2 1 . . Gunslinging . | . . . . . . . . . Exploded 2 | . . . . . 2 1 . . Melee . | . . . . . . . . . Uniques/NPCs Destroyed . | . . . . . . . . . Combat | -11 -10 -10 -10 -9 -8 -7 -7 -7 -------- Run | Yrd Mat Min Exi Min Mat Fac Low Dat Hostile Shots Fired 449 | . 19 . . 16 76 306 . 32 Missed 155 | . 3 . . 4 18 121 . 9 Damage Taken 4657 | . 189 106 . 184 799 2306 . 1073 Core 1061 | . 89 . . 63 202 258 . 449 Absorbed by Shields 435 | . . . . . 200 235 . . Core Remaining (%) 67 | 100 . . . 39 63 . . . Volleys Fired 161 | . 20 . . 10 39 89 . 3 Largest 2 | . 2 . . 2 2 2 . 2 Hottest 155 | . 40 . . 76 110 155 . 150 Shots Fired 313 | . 40 . . 17 78 171 . 7 Gun 164 | . 40 . . 10 69 41 . 4 Cannon 149 | . . . . 7 9 130 . 3 Launcher . | . . . . . . . . . Special . | . . . . . . . . . Kinetic 69 | . 40 . . 10 19 . . . Thermal 146 | . . . . . 9 130 . 7 Explosive . | . . . . . . . . . Electromagnetic 98 | . . . . 7 50 41 . . Robot Hit Streak 22 | . 11 . . 14 15 22 . 7 Robot Miss Streak 3 | . 2 . . 1 3 2 . 2 Penetration Max . | . . . . . . . . . Secondary Targets 2 | . . . . . 2 . . . Max Gunslinging Chain 1 | . . . . . 1 . . . Shots Hit Robots 236 | . 31 . . 14 59 126 . 6 Core Hits 104 | . 11 . . 6 31 52 . 4 Critical Kills . | . . . . . . . . . Critical Parts Destroyed . | . . . . . . . . . Critical Strikes 1 | . . . . . 1 . . . Corrupt 1 | . . . . . 1 . . . Melee Attacks 1 | . . . . . 1 . . . Impact . | . . . . . . . . . Slashing . | . . . . . . . . . Piercing . | . . . . . . . . . Sneak Attacks . | . . . . . . . . . Combat Hostiles . | . . . . . . . . . Follow-up Attacks . | . . . . . . . . . Damage Inflicted 5239 | . 241 . . 231 1521 3143 . 103 Guns 1676 | . 241 . . 61 1012 293 . 69 Cannons 2892 | . . . . 141 123 2594 . 34 Explosions 611 | . . . . . 382 229 . . Melee . | . . . . . . . . . Ramming 60 | . . . . 29 4 27 . . Kinetic 412 | . 241 . . 61 110 . . . Thermal 3431 | . . . . . 505 2823 . 103 Explosive . | . . . . . . . . . Electromagnetic 1336 | . . . . 141 902 293 . . Impact . | . . . . . . . . . Slashing . | . . . . . . . . . Piercing . | . . . . . . . . . Highest Corruption 6 | . . . . . . 6 6 6 Average Corruption 4 | . . . . . . 3 6 6 Corruption Purged . | . . . . . . . . . Corruption Blocked . | . . . . . . . . . Effects 55 | . . . . . . 46 7 2 Message Errors 6 | . . . . . . 6 . . Matter Fused 15 | . . . . . . 9 5 1 Heat Flow Errors 4 | . . . . . . 4 . . Energy Discharges 11 | . . . . . . 11 . . Parts Rejected 2 | . . . . . . 2 . . Data Loss (minor) 7 | . . . . . . 5 2 . Data Loss (major) 6 | . . . . . . 6 . . Misfires 2 | . . . . . . 1 . 1 Alerts 1 | . . . . . . 1 . . Weapon Failures 1 | . . . . . . 1 . . Overload Shots . | . . . . . . . . . Overflow Damage 231 | . . . . . 50 181 . . Projectiles 93 | . . . . . . 93 . . Explosions 138 | . . . . . 50 88 . . Melee . | . . . . . . . . . Knockbacks . | . . . . . . . . . Impact . | . . . . . . . . . Kinetic . | . . . . . . . . . Secondary . | . . . . . . . . . Self-Inflicted Damage 316 | . . . . 14 104 198 . . Shots 5 | . . . . . 2 3 . . Rammed 4 | . . . . 3 1 . . . Targets Rammed 11 | . . . . 3 2 6 . . Kicked 7 | . . . . . 1 6 . . Crushed . | . . . . . . . . . Highest Temperature 432 | . 34 . . 259 432 311 . 62 Average Temperature 108 | . 11 . . 143 159 71 . 32 Received Heat Transfer 1017 | . 129 . . 99 416 373 . . Effects 10 | . . . . 1 9 . . . Shutdowns 1 | . . . . . 1 . . . Energy Bleed 1 | . . . . 1 . . . . Interference 3 | . . . . . 3 . . . Damage (minor) 1 | . . . . . 1 . . . Damage (major) 4 | . . . . . 4 . . . Siege Activations . | . . . . . . . . . Robots Corrupted 1 | . . . . . 1 . . . Combat Hostiles 1 | . . . . . 1 . . . Parts Fried 7 | . . . . 1 5 1 . . Impact Corruptions . | . . . . . . . . . Robots Melted 2 | . . . . . . 2 . . Combat Hostiles 2 | . . . . . . 2 . . Parts Melted 14 | . . . . . . 14 . . Heat Transferred 5124 | . . . . . 609 4356 . 159 Parts Sabotaged . | . . . . . . . . . Parts Stolen . | . . . . . . . . . Parts Stripped . | . . . . . . . . . Power Chain Reactions 4 | . . . . . 3 1 . . Alert | -11 -10 -10 -10 -9 -8 -7 -7 -7 ------- Run | Yrd Mat Min Exi Min Mat Fac Low Dat Peak Influence 316 | . 82 46 . 65 316 314 . . Initial 82 | . . 31 . . 11 82 . . Average 124 | . 52 42 . 23 116 158 . . Maximum Alert Level 1 | . . . . . 1 1 . . Low Security (%) 73 | 100 100 100 . 100 87 61 . . Level 1 26 | . . . . . 12 38 . . Level 2 . | . . . . . . . . . Level 3 . | . . . . . . . . . Level 4 . | . . . . . . . . . Level 5 . | . . . . . . . . . High Security . | . . . . . . . . . Max Security . | . . . . . . . . . Squads Dispatched 15 | . 1 . . . 3 11 . . Investigation 3 | . . . . . 1 2 . . Extermination 4 | . . . . . . 4 . . Reinforcement 5 | . 1 . . . 2 2 . . Assault . | . . . . . . . . . Garrison 3 | . . . . . . 3 . . Intercept . | . . . . . . . . . Searches Triggered . | . . . . . . . . . Construction Impeded 1 | . . . . . 1 . . . Haulers Reinforced . | . . . . . . . . . Active Scanning Responses . | . . . . . . . . . Cargo Convoy Interrupts . | . . . . . . . . . Stealth | -11 -10 -10 -10 -9 -8 -7 -7 -7 --------- Run | Yrd Mat Min Exi Min Mat Fac Low Dat Distress Signals 2 | . . . . . 1 1 . . Communications Jammed . | . . . . . . . . . Distress Signals . | . . . . . . . . . Times Spotted 76 | . 4 7 . 7 18 36 . 4 Peak Tracking Total 12 | . 2 12 . 2 6 4 . 4 Tactical Retreats 5 | . . 1 . 2 2 . . . Traps | -11 -10 -10 -10 -9 -8 -7 -7 -7 ------- Run | Yrd Mat Min Exi Min Mat Fac Low Dat Traps Triggered 2 | . . . . . 1 1 . . Indirectly . | . . . . . . . . . Trap Hack Attempts . | . . . . . . . . . Triggered . | . . . . . . . . . Disarmed 6 | . 6 . . . . . . . Reprogrammed . | . . . . . . . . . Reused . | . . . . . . . . . Traps Extracted . | . . . . . . . . . Installed . | . . . . . . . . . Triggered 1 | . . . . . . 1 . . Machines | -11 -10 -10 -10 -9 -8 -7 -7 -7 ---------- Run | Yrd Mat Min Exi Min Mat Fac Low Dat Machines Disabled 4 | . . . . . 1 2 . 1 Max in Single Turn 2 | . . . . . 1 2 . 1 Garrison Access 1 | . . . . . 1 . . . Machines Repaired . | . . . . . . . . . Machines Dismantled . | . . . . . . . . . Machines Sabotaged . | . . . . . . . . . Overloaded Fab Kills . | . . . . . . . . . Hacking | -11 -10 -10 -10 -9 -8 -7 -7 -7 --------- Run | Yrd Mat Min Exi Min Mat Fac Low Dat Machines Accessed 20 | . 1 . 4 . 3 8 . 4 Terminals 8 | . 1 . . . 2 5 . . Fabricators 1 | . . . . . . 1 . . Repair Stations 1 | . . . . . . 1 . . Recycling Units . | . . . . . . . . . Scanalyzers 1 | . . . . . . 1 . . Garrison Access 1 | . . . . . 1 . . . Total Hacks 100 | . 3 . 49 . 3 16 . 29 Successful 89 | . 2 . 49 . 2 7 . 29 Failed 11 | . 1 . . . 1 9 . . Catastrophic . | . . . . . . . . . Database Lockouts . | . . . . . . . . . Manual 4 | . . . 1 . 2 1 . . Terminals 12 | . 3 . . . 2 7 . . Fabricators 5 | . . . . . . 5 . . Repair Stations 3 | . . . . . . 3 . . Recycling Units . | . . . . . . . . . Scanalyzers 1 | . . . . . . 1 . . Garrison Access 1 | . . . . . 1 . . . Terminal Hacks 86 | . 2 . 49 . 1 5 . 29 Record 61 | . . . 49 . . 1 . 11 Part Schematic 11 | . . . . . 1 . . 10 Robot Schematic 5 | . . . . . . . . 5 Prototype ID Bank 3 | . . . . . . . . 3 Open DSF 1 | . . . . . . 1 . . Alert Level 1 | . . . . . . 1 . . Locate Traps 1 | . 1 . . . . . . . Disarm Traps 1 | . 1 . . . . . . . Zone Layout 2 | . . . . . . 2 . . Fabricator Hacks 1 | . . . . . . 1 . . Load Schematic 1 | . . . . . . 1 . . Repair Station Hacks . | . . . . . . . . . Recycling Unit Hacks . | . . . . . . . . . Scanalyzer 1 | . . . . . . 1 . . Insert Component 1 | . . . . . . 1 . . Garrison Access Hacks 1 | . . . . . 1 . . . Seal Access 1 | . . . . . 1 . . . Unauthorized Hacks . | . . . . . . . . . Terminals . | . . . . . . . . . Fabricators . | . . . . . . . . . Repair Stations . | . . . . . . . . . Recycling Units . | . . . . . . . . . Scanalyzers . | . . . . . . . . . Garrison Access . | . . . . . . . . . Data Cores Recovered 1 | . 1 . . . . . . . Used 1 | . 1 . . . . . . . Hacking Detections 8 | . . . . . 1 7 . . Full Trace Events 2 | . . . . . . 2 . . Feedback Events . | . . . . . . . . . Feedback Blocked . | . . . . . . . . . Robot Schematics Acquired 5 | . . . . . . . . 5 Robots Built . | . . . . . . . . . Authchips . | . . . . . . . . . Time . | . . . . . . . . . Total Robot Build Rating . | . . . . . . . . . Part Schematics Acquired 11 | . . . . . 1 . . 10 Parts Built . | . . . . . . . . . Authchips . | . . . . . . . . . Time . | . . . . . . . . . Total Part Build Rating . | . . . . . . . . . Parts Repaired . | . . . . . . . . . Time . | . . . . . . . . . Parts Recycled . | . . . . . . . . . Recycled Matter . | . . . . . . . . . Retrieved Matter . | . . . . . . . . . Retrieved Components . | . . . . . . . . . Parts Scanalyzed . | . . . . . . . . . Part Schematics Acquired . | . . . . . . . . . Parts Damaged . | . . . . . . . . . Bothacking | -11 -10 -10 -10 -9 -8 -7 -7 -7 ------------ Run | Yrd Mat Min Exi Min Mat Fac Low Dat Used RIF Installer . | . . . . . . . . . Robots Hacked 1 | . . . . . 1 . . . Non-combat . | . . . . . . . . . Combat 1 | . . . . . 1 . . . Robot Hacks Applied 1 | . . . . . 1 . . . parse_system 1 | . . . . . 1 . . . Relay Couplers Released . | . . . . . . . . . Fabnet Peak Effective % . | . . . . . . . . . Robots Rewired . | . . . . . . . . . Allies Hacked . | . . . . . . . . . Hacks Repelled . | . . . . . . . . . Allies | -11 -10 -10 -10 -9 -8 -7 -7 -7 -------- Run | Yrd Mat Min Exi Min Mat Fac Low Dat Total Allies . | . . . . . . . . . Largest Group . | . . . . . . . . . Highest-Rated Group . | . . . . . . . . . Highest-Rated Ally . | . . . . . . . . . Total Orders . | . . . . . . . . . Ally Attacks . | . . . . . . . . . Total Damage . | . . . . . . . . . Kills . | . . . . . . . . . Allies Corrupted . | . . . . . . . . . Allies Melted . | . . . . . . . . . Intel | -11 -10 -10 -10 -9 -8 -7 -7 -7 ------- Run | Yrd Mat Min Exi Min Mat Fac Low Dat Robot Analysis Total . | . . . . . . . . . Derelict Logs Recovered 2 | . . 1 . 1 . . . . Drone Launches . | . . . . . . . . . Drone Recoveries . | . . . . . . . . . Exploration | -11 -10 -10 -10 -9 -8 -7 -7 -7 ------------- Run | Yrd Mat Min Exi Min Mat Fac Low Dat Turns Passed 6064 | 66 185 165 489 734 647 3345 260 173 Spaces Moved 3445 | 65 118 99 598 643 345 1364 135 78 Core 3 | 1 . . . . . . . 2 Treads . | . . . . . . . . . Legs 1651 | . . . . . 76 1364 135 76 Wheels 1713 | 64 118 99 598 643 191 . . . Hover 78 | . . . . . 78 . . . Flight . | . . . . . . . . . Fastest Speed 50 | 50 80 80 80 80 52 120 190 190 Average Speed 130 | 79 80 80 80 81 107 182 190 196 Slowest Speed 450 | 80 80 80 80 90 250 260 190 450 Overloaded Moves . | . . . . . . . . . Propulsion Burnouts . | . . . . . . . . . Robots Hopped . | . . . . . . . . . Cave-ins Triggered . | . . . . . . . . . Time Travels 1 | . . . 1 . . . . . Exploration Rate (%) 44 | 4 20 32 93 92 21 36 26 76 Regions Visited 8 Branch Regions 5 Pre-discovered Areas 2 | . . . 1 . . . . 1 Known Exits Taken 2 | . 1 1 . . . . . . Unknown Exits Taken 6 | 1 . . 1 1 1 1 1 . Scrap Searched 2 | . . . . 2 . . . . Spaces Dug . | . . . . . . . . . Terrain Destroyed 53 | . . . . . 16 37 . . Melee . | . . . . . . . . . Projectile 6 | . . . . . . 6 . . AOE 47 | . . . . . 16 31 . . Terrain Rammed . | . . . . . . . . . Walls Destroyed . | . . . . . . . . . Machines Disabled . | . . . . . . . . . Actions | -11 -10 -10 -10 -9 -8 -7 -7 -7 --------- Run | Yrd Mat Min Exi Min Mat Fac Low Dat Total 4697 | 76 176 184 609 835 540 2046 139 92 Wait 909 | . 30 85 1 169 94 514 5 11 Move 3437 | 64 117 98 597 642 344 1363 134 78 Hop . | . . . . . . . . . Pick Up 47 | 6 3 . 5 3 12 18 . . Fast Attach 25 | 6 1 . 1 1 14 2 . . Attach 24 | . 1 . . 1 7 15 . . Detach . | . . . . . . . . . Swap 44 | . 1 1 1 3 13 25 . . Drop 38 | . 3 . 4 3 14 14 . . Fire 161 | . 20 . . 10 39 89 . 3 Melee 1 | . . . . . 1 . . . Ram 4 | . . . . 3 1 . . . Kick 7 | . . . . . 1 6 . . Crush . | . . . . . . . . . Escape Stasis . | . . . . . . . . . Rewire . | . . . . . . . . . Trap . | . . . . . . . . . Miscellaneous . | . . . . . . . . . Route ------- -11/Scrapyard -10/Materials -10/Mines (discovered 2 exits: [*Mat] / *Exi) -10/Exiles -9/Mines (discovered 2 exits: *Mat x2) -8/Materials (discovered 2 exits: *Fac / Sto) -7/Factory -7/Lower Caves -7/Data Miner (discovered 1 exit: [*Pro]) History --------- Turn | Location | Event 7 | -11/Scrapyard | Discovered new exit (range 15) 67 | -11/Scrapyard | Entered Materials 199 | -10/Materials | Discovered new exit (range 7) 219 | -10/Materials | Met 8R-AWN 246 | -10/Materials | Identified exit to Mines 252 | -10/Materials | Entered Mines 253 | -10/Mines | Followed 8R-AWN into the Mines 261 | -10/Mines | Learned Materials stockpile data 315 | -10/Mines | Build established: Mutant 324 | -10/Mines | Assembled infested the area 329 | -10/Mines | Assisted by a Guerilla fighting off Assembled 397 | -10/Mines | Discovered new exit (range 15) 412 | -10/Mines | Discovered new exit (range 5) 417 | -10/Mines | Identified exit to Exiles 417 | -10/Mines | Entered Exiles 438 | -10/Exiles | Welcomed by 8R-AWN 455 | -10/Exiles | Met EX-HEX 499 | -10/Exiles | Met EX-DEC 534 | -10/Exiles | Visited The Gauntlet 644 | -10/Exiles | Learned location of Zion (-6) 663 | -10/Exiles | Met EX-BIN 678 | -10/Exiles | Aligned with FarCom system 679 | -10/Exiles | Given EX-Vault access code 778 | -10/Exiles | Opened EX-Vault 789 | -10/Exiles | Found Prototype Device 791 | -10/Exiles | Found Prototype Device 792 | -10/Exiles | Identified Chronowheel 792 | -10/Exiles | Activated Chronowheel 792 | -10/Exiles | Spacetime reconverged on an earlier point 795 | -10/Exiles | Found Prototype Storage 795 | -10/Exiles | Identified Superbattery 821 | -10/Exiles | Warned to stay clear of 0b10 Research branches 877 | -10/Exiles | Discovered new exit (range 15) 906 | -10/Exiles | Left Exiles lab with Superbattery 906 | -10/Exiles | Entered Mines 1487 | -9/Mines | Core integrity fell below 50% 1596 | -9/Mines | Discovered new exit (range 6) 1628 | -9/Mines | Discovered new exit (range 5) 1640 | -9/Mines | Entered Materials 1640 | -8/Materials | Evolved 4 slots: Propulsion x1, Utility x3 1641 | -8/Materials | Identified exit to Storage 1843 | -8/Materials | Discovered new exit (range 15) 2011 | -8/Materials | Destroyed 7 combat bots 2018 | -8/Materials | Lost 5 parts (1p1n1u2w) 2287 | -8/Materials | Entered Factory 2287 | -7/Factory | Evolved 2 slots: Power x1, Utility x1 2368 | -7/Factory | Discovered new exit (range 9) 2479 | -7/Factory | Build established: Scavenger-Mutant 3171 | -7/Factory | Build established: Mutant 3927 | -7/Factory | Garrison activated, responded to threat 4259 | -7/Factory | Build established: Scavenger-Mutant 5190 | -7/Factory | Lost 6 parts (1p1n3u1w) 5632 | -7/Factory | Entered Lower Caves 5662 | -7/Lower Caves | Encountered a Warlord checkpoint 5878 | -7/Lower Caves | A Derelict revealed a hidden shortcut to meet someone special 5892 | -7/Lower Caves | Entered Data Miner 5892 | -7/Data Miner | Discovered new exit (range 6) 5929 | -7/Data Miner | Met Data Miner 5986 | -7/Data Miner | Learned location of Section 7 (-3) 5986 | -7/Data Miner | Acquired the access code to Warlord's prototype stash 6020 | -7/Data Miner | Received God Mode back door access code from Data Miner 6048 | -7/Data Miner | Data Conduit disabled 6050 | -7/Data Miner | Core integrity fell below 50% 6063 | -7/Data Miner | Core integrity fell below 20% 6065 | -7/Data Miner | Destroyed by Enhanced Grunt with Neutron Cannon Last Messages --------------- 06024_ System corrupted: FCS attempts to trigger Imp. Spread Laser. 06024_ System corrupted: Imp. Spread Laser misfires. 06024_ ORACLE Interface goes dark. 06024_ Data Miner disappears through a trap door. 06024_ ORACLE Interface goes dark. 06043_ Lgt. Nuclear Core destroyed. 06045_ Imp. Cooling System destroyed. 06047_ Imp. Deuterium Engine destroyed. 06048_ Data Conduit disabled. 06049_ System corrupted: Matter fused (-6). 06051_ Carbon-fiber Leg destroyed. 06054_ Hvy. Particle Cannon destroyed. 06054_ Adv. ECM Suite destroyed. 06055_ Aluminum Leg destroyed. 06055_ Energy Filter destroyed. 06064_ Imp. Spread Laser destroyed. 06064_ Imp. Heat Sink destroyed. Map ----- +----------------------------------------------------+ | | | | | | | | | | | | | | | | | | | | | | | | | ?????????????????????????????????????????? | | ?????????????????????????????????????????? | | ?????????????????????????????????????????? | | ?????????????????????????????????????????? | | ?????????????????????????????????????####? | | ??????###############??????###?????### #? | | ??????""""""""""""""###### ; #?#??## #? | | ?????"""""""" """"""""# # # #### < ##? | | ????""""""""" ## | | ????"""""" | | ????"""""" | | ????""""" g g | | ????"""""" g | | ????"""""" @ """"""""""""""""## | | ????""""""" """###############? | | ?????"""""" g """"###??????????????? | | ??????""""" #####????????????????? | | ??????######"#; "#????????????????????? | | ???????????#"### "#????????????????????? | | ???????????#"### "#????????????????????? | | ???????????#"## "#????????????????????? | | ????????????"## "#????????????????????? | | ?????????????# "#????????????????????? | | ?????????????### "#????????????????????? | | ???????????????# "##???????????????????? | | ??????????????## ""#???????????????????? | | ???????????#?## ""#???????????????????? | | ??????????##"#"X ""#???????????????????? | | ??????????""""" "####????????????????? | | ??????????""""" X"""""????????????????? | | ??????????##"#"X "##"#????????????????? | | ???????????#?## X""""#????????????????? | | ??????????????## "##"#????????????????? | | ???????????????#######???????????????????? | | ?????????????????????????????????????????? | | ?????????????????????????????????????????? | | ?????????????????????????????????????????? | | ?????????????????????????????????????????? | +----------------------------------------------------+ Best States ------------- Heat Dissipation 75 Energy Generation 26 Energy Capacity 1880 Matter Stores 300 Matter Capacity 300 Sight Range 16 Terrain Scan Density 10 ECM Strength 2 Armor Coverage 150 Evasion (%) 55 Targeting Accuracy 8 Energy Filtering 30 Particle Charging 15 Offensive Hacking 10 Item Schematics ----------------- Carbon-fiber Leg | -8/Materials | Hacked Combat Drone Bay | -7/Data Miner | Free Lgt. Regenerative Plating | -7/Data Miner | Free Cld. Cesium-ion Thruster | -7/Data Miner | Free Exp. Targeting Computer | -7/Data Miner | Free Shock Maul | -7/Data Miner | Free Hvy. Treads | -7/Data Miner | Free Adv. Hacking Suite | -7/Data Miner | Free Tesla Rifle | -7/Data Miner | Free Imp. Powered Armor | -7/Data Miner | Free Adv. Datajack | -7/Data Miner | Free Robot Schematics ------------------ G-50 Soldier | -7/Data Miner | Free G-47 Trooper | -7/Data Miner | Free H-55 Commando | -7/Data Miner | Free S-27 Virus | -7/Data Miner | Free R-10 Processor | -7/Data Miner | Free Fabricated ------------ Nothing Alien Tech Used ----------------- None Achievements -------------- Dynamic Key Slippery One The Oracle Challenges ------------ None Game ------ Seed ShrapnelBackupRipper Manual? 0 Play Time 01:20:49 Cumulative 9.4 hours Start 2024.05.24 @ 00:32:29 End 2024.05.24 @ 02:33:40 Sessions 3 Manual Loads 0 Difficulty Rogue Special Mode None Game No. 11 Rogue 11 Adventurer 0 Explorer 0 Win Type - Total 0 Types 0/0/0/0/0/0/0/0/0 Lore% 16 Gallery% 16 Achievement% 12 Wizard Run 0 Options --------- Layout 2 ASCII 0 Keyboard 0 Movement Numpad Keybinds 0 Fullscreen 1 Font 24/Smallcaps Map View 50x44 Zoom Use 0% Tactical HUD 1 Map Filters NONE Filters NONE Steam 1 RUN: 81e7e631-0da9-45e8-b054-70528006d3ec